 Dungeon Crawl Stone Soup version 0.30-a0-989-g0d87f670db (webtiles) character file.

Game seed: 827328300967417998

23 xian the Trooper (level 2, -4/24 HPs)
             Began as a Demonspawn Monk on Apr 3, 2023.
             Slain by an orc priest
             ... wielding a +0 whip of electrocution
              (18 damage)
             ... on level 2 of the Dungeon.
             The game lasted 00:02:23 (846 turns).

xian the Trooper (Demonspawn Monk)                   Turns: 846, Time: 00:02:23

Health: -4/24      AC:  3    Str: 11    XL:     2   Next: 75%
Magic:  2/2        EV: 12    Int: 11    God:
Gold:   27         SH:  0    Dex: 15    Spells: 1/1 levels left

rFire   . . .      SeeInvis .    a - +0 hand axe
rCold   . . .      Faith    .    (no shield)
rNeg    . . .      Spirit   .    l - +0 leather armour
rPois   .          Reflect  .    (no helmet)
rElec   .          Rampage  .    (no cloak)
rCorr   .                        (no gloves)
Will    .....                    (no boots)
Stlth   ++                       (no amulet)
HPRegen 0.24/turn                (no ring)
MPRegen 0.08/turn                (no ring)

@: no status effects
A: powered by pain 1
a: no special abilities


You were on level 2 of the Dungeon.
You visited 1 branch of the dungeon, and saw 2 of its levels.

You collected 27 gold pieces.

Inventory:

Hand Weapons
 a - a +0 hand axe (weapon)
Missiles
 b - 8 stones (quivered)
Armour
 l - a +0 leather armour (worn)
Scrolls
 d - 2 scrolls of fog {unknown}
 e - 3 scrolls of identify {unknown}
 g - a scroll of fear {unknown}
 k - a scroll of teleportation {unknown}
Potions
 c - 2 potions of ambrosia
 f - a potion of flight {unknown}
 h - 2 potions of lignification {unknown}
 i - 2 potions of heal wounds {unknown}
 j - a potion of attraction {unknown}
 m - a potion of invisibility {unknown}


   Skills:
 + Level 3.3 Fighting
 + Level 3.1 Axes
 + Level 2.9 Dodging
 + Level 1.8 Stealth


You had one spell level left.
You didn't know any spells.
Your spell library contained the following spells:

 Spells                   Type           Power      Damage    Failure   Level
 Airstrike                Air            0%         2d(0-16)  99%         4
 Summon Lightning Spire   Summ/Air       0%         N/A       99%         4
 Plasma Beam              Fire/Air       0%         2x1d7     100%        5


Dungeon Overview and Level Annotations

Branches:
Dungeon (2/15)

Altars:


Innate Abilities, Weirdness & Mutations

You sometimes gain a little power by taking damage.


Message History

You see here 8 stones.
b - 8 stones
e - 3 scrolls labelled FARUCVACVA (gained 1)
A giant cockroach comes into view.
You hit the giant cockroach but do no damage.
The giant cockroach misses you. The giant cockroach closely misses you.
You barely miss the giant cockroach. The giant cockroach bites you.
You hit the giant cockroach.
The giant cockroach is severely wounded.
The giant cockroach closely misses you. The giant cockroach barely misses you.
You hit the giant cockroach.
You kill the giant cockroach!
An orc priest comes into view.
It is wielding a +0 whip of electrocution.
The orc priest shouts!
An orc comes into view. It is wielding a +0 flail.
The orc shouts!
The orc priest hits you with a +0 whip of electrocution.
You closely miss the orc priest.
The orc priest hits you with a +0 whip of electrocution.
You closely miss the orc priest.
The orc priest hits you but does no damage.
You hit the orc.
The orc is moderately wounded.
The orc misses you.
You hit the orc.
The orc is almost dead.
An orc comes into view. It is wielding a +0 morningstar.
The orc hits you with a +0 flail.
You closely miss the orc.
The orc is almost dead.
The orc closely misses you.
The orc shouts!
You hit the orc.
You kill the orc!
You hit the orc priest.
The orc priest is lightly wounded.
The orc priest hits you with a +0 whip of electrocution.
You are electrocuted!!
Ouch! That really hurt!
You die...

### ###
#.#######.########
#.........##......
#.#######.##.#####
#.# #.##.# #@#
#.##.# #o# #.##.#
#.# #.##.# #.#
#.##.# #o# #.##.#
#.# #.##.# ..#
#.##.# ### #....#
######


You could see an orc priest and an orc.

Vanquished Creatures
  A dart slug (D:1)
  An orc (D:2)
  A ball python (D:1)
  3 bats (D:1)
  An endoplasm (D:1)
  2 giant cockroaches
  2 goblins (D:1)
  2 hobgoblins (D:1)
  2 frilled lizards (D:1)
  3 kobolds
  A rat (D:1)
19 creatures vanquished.

Vanquished Creatures (others)
  2 plants (D:1)
2 creatures vanquished.

Grand Total: 21 creatures vanquished

Notes
Turn   | Place    | Note
-------+----------+-------------------------------------------
     0 | D:1      | xian the Demonspawn Monk began the quest for the Orb.
     0 | D:1      | Reached XP level 1. HP: 18/18 MP: 1/1
   327 | D:1      | Gained mutation: You sometimes gain a little power by
                  | taking damage. [demonic ancestry]
   327 | D:1      | Reached XP level 2. HP: 24/24 MP: 2/2
   531 | D:1      | Found a faded altar of an unknown god.
   846 | D:2      | Slain by an orc priest

Illustrated notes

Levels and vault maps discovered:
D:1:      nagdon_arrival_double_spiral, layout_loops_ring,
          shapermc_ecumenical_altar_mp_urbaneastern, st_stairs_14
D:2:      layout_basic, uniq_jessica

Skill      XL: |  1 |
---------------+----+-----
Axes           | 3 |  3.1
Fighting       | |  3.3
Dodging        | |  2.9
Stealth        | |  1.8

Action                     || total
---------------------------++-------
  Melee: Hand axe          ||    76
         Punch             ||     2
   Stab: Sleeping          ||     2
 Armour: Robe              ||    11
         Leather armour    ||     3
  Dodge: Dodged            ||    64

Table legend: (Time is in decaauts)
 A = Elapsed time spent in this place.
 B = Non-inter-level travel time spent in this place.
 C = Inter-level travel time spent in this place.
 D = Time resting spent in this place.
 E = Time spent auto-exploring this place.
 F = Levels seen in this place.
 G = Mean time per level.
                   A        B        C        D        E       F      G
               +--------+--------+--------+--------+--------+-----+--------+
         Total |    858 |    858 |      0 |      0 |    568 |   2 |  429.0 |
       Dungeon |    858 |    858 |      0 |      0 |    568 |   2 |  429.0 |
               +--------+--------+--------+--------+--------+-----+--------+

Top non-repeatable levels by time:
     D:1: 726 daAuts
     D:2: 131 daAuts
